AoeStats
← TheQuietRiot

Golden Pit

503264142Analyzed
1v1 RM · 1mo ago on Aug 30, 2026· 51m 1s· 2 players
Game mode
Random Map
Map size
Tiny (2 player)
Population
200
Speed
Normal
Resources
Standard
Victory
Conquest
Starting age
Dark Age
Ending age
Imperial Age
RankedLock teamsTeams togetherTeam positionsShared explorationLock speedFull tech treeHidden civsTurbo modeCheats
Victory
Defeat
🇮🇱 Franks · Israel
918
+15
🇬🇧 Britons · United Kingdom
899
-15
TheQuietRiot
10:22 Feudal Age
12:54 Double-Bit Axe
14:20 Loom
16:15 Fletching
17:53 Horse Collar
22:53 Padded Archer Armor
26:29 Castle Age
25:34 Forging
26:33 Crossbowman
27:23 Light Cavalry
32:49 Wheelbarrow
32:26 Bow Saw
32:12 Gold Mining
35:28 Bodkin Arrow
35:39 Stone Mining
36:28 Gold Shaft Mining
36:26 Hand Cart
37:04 Town Watch
39:39 Iron Casting
40:19 Husbandry
46:12 Heated Shot
46:45 Ballistics
50:27 Imperial Age
mcher
6:12 Loom
10:26 Feudal Age
12:09 Wheelbarrow
15:16 Scale Barding Armor
16:58 Forging
17:32 Fletching
23:54 Castle Age
22:52 Stone Mining
23:50 Padded Archer Armor
23:48 Gold Mining
24:39 Bodkin Arrow
25:20 Elite Skirmisher
30:26 Chain Barding Armor
30:47 Light Cavalry
32:17 Leather Archer Armor
32:38 Husbandry
42:07 Hand Cart
45:59 Imperial Age
45:20 Iron Casting
46:34 Gold Shaft Mining
46:20 Cavalier
51:40 Plate Barding Armor
Connection lost

Rejoining the realm…

Still unreachable

The connection could not be restored.

Session expired

The server has moved on; the page needs a fresh start.